cohdb
Replays
Latest Replays
All Replays
Popular Replays
Top Player Replays
Match Explorer
How It Works
Community
CoH3 Stats
Reddit
Sign in to upload your games and track your stats! →
Sign in with Steam
Match 44860014
Unlisted
Match 44860014
Overview
Messages
Build Orders
End
Construct Weapon Support Center
Selects Heavy Weapons
Engineer Squad
M1919 Machine Gun Team
Bazooka Squad
M1919 Machine Gun Team
Infantry Support Center
Selects M2HB .50cal Heavy Machine Gun
Advanced Logistics
Forward Retreat Point
M1919 Machine Gun Team
Demolitions Package
Munitions Surplus
Selects Assault Carriers
M3 Assault Carrier
Construct Motor Pool
M1 Anti-tank Gun Team
M1 Anti-tank Gun Team
M1 Anti-tank Gun Team
Selects Rapid Reposition
Selects Halftrack Strongpoints
Halftrack Strongpoints
一杆大长枪
【POW】游骑
THE one-冰封夕阳
…
Gwangju's Hero Chun Doo-gwang
Kenan
Dr Jello
Hk
0
0
Comments
sign in to comment!
No comments posted yet!